Map: Romanticide LE

Players

Medda - Winner!

  • Race: Protoss Protoss
  • League: Master

ZvPenjoyer

  • Race: Zerg Zerg
  • League: Diamond

VOD

Have the link to the VOD?

Description

Time

  • Played on: Sept. 2, 2021, 4:39 a.m.
  • Length: 17:30
Show
View Real Time Build Order
Export as new Build Order

Medda Protoss - Winner!

Build Orders: 1 Gate Expand, Oracle Opening, Carriers, Zealot Archon 

Get SALT Encoding   

  12  0:00  Probe  
  13  0:12  Probe  
  14  0:17  Pylon  
  14  0:24  Probe  
  15  0:37  Probe (Chrono Boost)  
  15  0:41  Gateway  
  16  0:46  Probe (Chrono Boost)  
  16  0:48  Assimilator  
  17  0:51  Probe (Chrono Boost)  
  18  1:03  Probe  
  19  1:15  Probe  
  20  1:26  Nexus  
  20  1:37  Cybernetics Core  
  20  1:41  Probe  
  20  1:46  Assimilator  
  21  1:53  Probe  
  22  2:01  Pylon  
  22  2:05  Probe  
  23  2:16  Adept (Chrono Boost)  
  23  2:19  Probe (Chrono Boost)  
  26  2:28  Stargate  
  27  2:31  Probe (Chrono Boost)  
  28  2:37  Probe (Chrono Boost)  
  28  2:38  Warp Gate  
  28  2:39  Probe (Chrono Boost)  
  28  2:45  Stalker  
  28  2:49  Probe x2 (Chrono Boost)  
  32  2:57  Probe x2  
  34  3:05  Void Ray (Chrono Boost)  
  34  3:09  Probe x2  
  40  3:23  Pylon  
  40  3:25  Gateway  
  40  3:27  Probe x2  
  42  3:37  Assimilator  
  42  3:39  Probe x2  
  44  3:43  Oracle  
  47  3:50  Pylon  
  47  3:51  Probe x2  
  47  3:54  Assimilator  
  49  4:03  Probe  
  49  4:04  Probe  
  51  4:15  Probe  
  51  4:16  Probe  
  53  4:17  Nexus  
  53  4:22  Pylon  
  53  4:26  Sentry  
  53  4:28  Probe x2  
  53  4:30  Sentry  
  59  4:40  Probe x2  
  59  4:44  Robotics Facility  
  61  4:52  Probe x2  
  63  4:54  Forge  
  63  4:55  Twilight Council  
  63  5:04  Probe x2  
  65  5:12  Sentry x2  
  65  5:13  Charge  
  69  5:16  Probe, Pylon  
  69  5:20  Pylon  
  70  5:28  Immortal (Chrono Boost), Probe x2  
  70  5:30  Probe  
  70  5:33  Protoss Ground Weapons Level 1  
  77  5:38  Pylon  
  77  5:40  Probe x2  
  77  5:42  Probe  
  80  5:52  Probe  
  80  5:56  Gateway  
  81  5:57  Gateway  
  81  6:00  Assimilator, Gateway  
  81  6:01  Probe, Gateway  
  81  6:02  Observer  
  81  6:04  Assimilator, Gateway  
  83  6:08  Probe, Gateway  
  84  6:19  Probe, Templar Archives  
  84  6:20  Probe  
  84  6:21  Probe  
  84  6:22  Pylon  
  87  6:26  Immortal (Chrono Boost)  
  87  6:32  Probe x2  
  93  6:33  Probe  
  93  6:34  Photon Cannon  
  93  6:38  Shield Battery  
  94  6:41  Photon Cannon  
  94  6:43  Shield Battery  
  94  6:44  Probe x2  
  96  6:48  Psionic Storm  
  96  6:51  Probe  
  97  6:58  Probe  
  97  6:59  Pylon  
  98  7:02  High Templar x2  
  98  7:03  High Templar x2  
  106  7:15  Archon x2  
  106  7:16  High Templar  
  106  7:17  High Templar  
  106  7:20  Nexus  
  110  7:23  Pylon  
  110  7:26  Pylon  
  110  7:33  High Templar x2  
  110  7:36  Probe  
  116  7:37  Probe  
  116  7:40  Warp Prism  
  118  7:46  High Templar  
  120  7:55  Photon Cannon  
  120  7:56  Photon Cannon, Shield Battery  
  120  7:57  Photon Cannon  
  120  7:58  Shield Battery  
  120  8:02  Photon Cannon  
  120  8:03  Assimilator  
  120  8:05  Assimilator  
  120  8:07  High Templar x3  
  120  8:08  Photon Cannon  
  120  8:09  Pylon  
  126  8:34  Fleet Beacon  
  126  8:36  Stargate  
  126  8:38  Stargate  
  126  8:45  Pylon  
  126  8:47  Pylon  
  126  8:50  Gateway  
  126  8:54  Gateway  
  126  8:55  Gateway  
  126  9:02  Observer  
  127  9:05  Photon Cannon  
  127  9:07  Shield Battery  
  127  9:09  Pylon  
  127  9:17  Carrier x2 (Chrono Boost)  
  137  9:34  Zealot x2  
  137  9:35  Zealot x6  
  139  9:47  Zealot  
  106  9:53  Archon x2  
  106  9:54  Zealot x2  
  106  9:55  Zealot x3  
  106  9:56  Zealot  
  97  10:08  Probe x4  
  95  10:18  Carrier x3  
  95  10:20  High Templar, Probe x3  
  118  10:21  Pylon  
  118  10:29  Probe  
  118  10:32  Probe  
  120  10:36  High Templar x2  
  124  10:44  Pylon  
  124  10:45  Photon Cannon  
  124  10:47  Gateway  
  124  10:48  Gateway  
  124  10:50  Photon Cannon, Cybernetics Core  
  124  10:56  High Templar  
  126  11:03  Zealot x6  
  122  11:16  Zealot x2  
  123  11:23  Zealot x6  
  123  11:32  Archon  
  107  11:33  Archon  
  107  11:35  Zealot  
  99  11:46  Stalker x3  
  99  11:47  Stalker x6  
  101  11:49  Probe  
  101  11:50  Probe  
  111  11:59  Gateway  
  111  12:02  Robotics Facility  
  111  12:09  Pylon  
  111  12:12  Pylon  
  111  12:16  Photon Cannon  
  111  12:17  Stalker  
  111  12:22  High Templar x3  
  117  12:39  High Templar x2  
  117  12:42  Probe x2  
  121  12:54  High Templar  
  121  12:55  High Templar  
  121  12:57  Zealot x3  
  121  12:58  Zealot  
  133  13:00  Observer  
  130  13:20  Protoss Air Weapons Level 1 (Chrono Boost)  
  130  13:34  Carrier (Chrono Boost), Archon x3  
  126  13:41  Carrier (Chrono Boost)  
  134  13:50  High Templar  
  136  14:05  High Templar x2  
  136  14:07  Zealot x4  
  148  14:12  Pylon  
  146  14:27  Carrier (Chrono Boost)  
  146  14:38  Carrier  
  152  14:59  Zealot x2  
  156  15:06  Pylon  
  156  15:08  Pylon  
  156  15:09  Nexus, Pylon  
  156  15:12  Unknown  
  156  15:16  Pylon  
  156  15:24  Carrier  
  162  15:33  Carrier (Chrono Boost)  
  168  15:39  Photon Cannon, Shield Battery  
  168  15:45  Photon Cannon  
  162  15:53  High Templar  
  162  15:54  High Templar x3  
  168  15:59  Probe x3  
  171  16:05  Pylon  
  171  16:21  Void Ray (Chrono Boost)  
  171  16:31  Void Ray (Chrono Boost)  
  157  16:55  Stalker x5  
  157  16:56  Stalker  
  167  17:05  Archon x2  
  157  17:08  Archon  
  143  17:29  High Templar  
  145  17:30  High Templar  
Show
View Real Time Build Order
Export as new Build Order

ZvPenjoyer Zerg 

Build Orders: Hatch First, Roach Hydra 

Get SALT Encoding   

  12  0:00  Drone  
  13  0:12  Overlord  
  13  0:16  Drone  
  14  0:30  Drone x2  
  16  0:48  Hatchery  
  15  0:52  Drone  
  15  0:56  Drone  
  17  0:59  Drone  
  18  1:10  Extractor  
  17  1:15  Spawning Pool  
  16  1:20  Drone  
  16  1:22  Drone  
  18  1:31  Drone  
  19  1:40  Drone  
  20  1:50  Overlord  
  20  2:02  Zergling x4  
  20  2:03  Queen x2  
  26  2:13  Drone x2  
  28  2:25  Drone x2  
  30  2:33  Metabolic Boost  
  30  2:40  Hatchery  
  29  2:51  Overlord, Drone x3  
  32  2:57  Queen  
  34  3:01  Drone x2  
  36  3:15  Queen  
  38  3:20  Drone x5  
  42  3:44  Overlord x2  
  42  3:51  Queen  
  44  3:56  Overlord x2  
  44  4:02  Queen  
  46  4:04  Drone x8  
  54  4:17  Drone x5  
  59  4:30  Queen  
  61  4:31  Overlord  
  61  4:32  Drone x5  
  61  4:33  Spore Crawler  
  61  4:37  Overlord  
  65  4:42  Lair  
  65  4:55  Spore Crawler  
  65  4:56  Spore Crawler  
  65  4:58  Overlord x2  
  63  5:01  Drone x10  
  70  5:09  Queen  
  70  5:11  Drone x2  
  70  5:12  Drone  
  75  5:14  Extractor  
  75  5:15  Extractor  
  75  5:16  Roach Warren  
  75  5:18  Evolution Chamber, Extractor x2  
  75  5:20  Drone  
  70  5:25  Drone x6  
  70  5:26  Drone x3  
  79  5:35  Drone x4  
  83  5:42  Overlord  
  83  5:43  Drone x2  
  85  5:53  Zerg Missile Weapons Level 1  
  85  6:00  Glial Reconstitution, Hydralisk Den  
  85  6:03  Overlord x2  
  84  6:06  Overlord  
  84  6:11  Hatchery  
  82  6:22  Overlord x3  
  82  6:37  Overlord x2  
  82  6:41  Muscular Augments  
  82  6:43  Drone x13  
  95  6:58  Drone x8  
  103  7:14  Extractor  
  102  7:15  Extractor  
  102  7:18  Hydralisk x6  
  113  7:25  Queen  
  113  7:26  Hatchery  
  114  7:32  Spore Crawler  
  114  7:34  Hydralisk x11  
  135  7:39  Overlord x3  
  135  7:40  Overlord x2  
  135  7:50  Hydralisk x6  
  147  7:52  Grooved Spines  
  147  7:57  Zerg Missile Weapons Level 2  
  147  8:01  Hydralisk x4, Spore Crawler, Drone x3  
  147  8:02  Spore Crawler  
  147  8:03  Spore Crawler  
  147  8:05  Overseer  
  155  8:18  Hydralisk x2  
  155  8:19  Hydralisk x6  
  171  8:23  Roach x3  
  171  8:24  Roach  
  179  8:42  Roach x10  
  179  8:45  Overseer x3  
  165  9:58  Pneumatized Carapace  
  165  9:59  Hydralisk x2  
  141  10:00  Hydralisk x7, Roach x4  
  141  10:01  Hydralisk x8, Roach x8  
  141  10:02  Hydralisk, Roach x5  
  179  10:14  Roach x2  
  179  10:15  Roach x7  
  179  10:17  Overlord x2, Drone  
  179  10:18  Unknown  
  197  10:32  Infestation Pit, Hatchery  
  197  10:33  Extractor  
  194  10:36  Drone x4  
  194  10:37  Drone x2  
  194  10:38  Spore Crawler  
  194  10:39  Spore Crawler x2  
  185  11:10  Hydralisk  
  185  11:11  Hydralisk x13  
  189  11:19  Hive  
  173  11:34  Hydralisk x13, Drone  
  198  11:43  Overlord  
  198  11:44  Queen  
  180  12:00  Drone x16, Hatchery  
  193  12:12  Hatchery  
  192  12:21  Hydralisk x4  
  184  12:41  Spire  
  183  12:52  Hydralisk x5  
  183  12:53  Hydralisk x3  
  183  12:56  Zerg Missile Weapons Level 3  
  183  12:58  Adrenal Glands  
  199  13:05  Extractor  
  199  13:08  Extractor  
  151  13:37  Hydralisk x13  
  151  13:38  Hydralisk x15  
  153  14:39  Greater Spire  
  153  14:46  Corruptor x3  
  153  14:47  Corruptor x6  
  153  14:48  Corruptor x6  
  153  14:49  Corruptor x7  
  153  14:50  Corruptor  
  199  15:05  Extractor x2  
  195  15:32  Spore Crawler x2  
  195  15:34  Spore Crawler  
  192  15:36  Spore Crawler x2  
  192  15:38  Spore Crawler  
  192  15:39  Spore Crawler  
  192  15:40  Spore Crawler  
  173  15:53  Brood Lord x6  
  173  15:54  Brood Lord x2  
  173  15:56  Corruptor  
  173  15:57  Corruptor x10  
  187  16:08  Spore Crawler  
  187  16:10  Spore Crawler x2  
  187  16:11  Spore Crawler x2  
  183  16:12  Drone x5  
  183  16:13  Spore Crawler, Drone x5  
  183  16:15  Spore Crawler  
  190  16:26  Brood Lord x2  
  190  16:27  Brood Lord x3  
  200  16:36  Spore Crawler  
  200  16:37  Spore Crawler  
  184  16:57  Corruptor x8  
Tags
 
Add a new tag
Caveats
  • Supply blocks, unpowered buildings, or Contaminate may cause inaccurate times.
  • Supply counts are checked every 10 seconds.